 Dungeon Crawl Stone Soup version 0.24.0 (webtiles) character file.

Game seed: 1892216892712824169, levelgen mode: deterministic

53 Gynju the Magician (level 3, 0/19 HPs)
             Began as a Deep Elf Fire Elementalist on Oct 25, 2019.
             Splashed by a jelly's acid (5 damage)
             ... on level 2 of the Dungeon.
             The game lasted 00:01:13 (1204 turns).

Gynju the Magician (Deep Elf Fire Elementalist)     Turns: 1204, Time: 00:01:13

Health: 0/19       AC: -2    Str:  5    XL:     3   Next: 64%
Magic:  7/10       EV: 13    Int: 20    God:
Gold:   52         SH:  0    Dex: 15    Spells: 5/9 levels left

rFire    + . .     SeeInvis .   (no weapon)
rCold    + . .     Gourm    .   (no shield)
rNeg     . . .     Faith    .   a - +0 robe
rPois    .         Spirit   .   (no helmet)
rElec    .         Reflect  .   e - scarf {rC+ rF+}
rCorr    .         Harm     .   (no gloves)
MR       .....                  (no boots)
Stlth    ++........             (no amulet)
HPRegen  0.06/turn              (no ring)
MPRegen  0.12/turn              (no ring)

@: corroded
A: no striking features
a: no special abilities


You were on level 2 of the Dungeon.
You were not hungry.

You visited 1 branch of the dungeon, and saw 2 of its levels.

You collected 52 gold pieces.

Inventory:

Missiles
 d - 7 javelins (quivered)
Armour
 a - a +0 robe (worn)
 e - a scarf of resistance (worn)
Scrolls
 f - 2 scrolls of fear {unknown}
 i - a scroll of fog {unknown}
 j - a scroll of teleportation {unknown}
 k - a scroll of remove curse {unknown}
Potions
 b - a potion of haste {unknown}
 g - a potion of curing {unknown}
 l - a potion of degeneration {unknown}
Comestibles
 c - 4 rations
 h - 5 chunks of flesh


   Skills:
 + Level 3.2 Dodging
 - Level 2.4 Stealth
 + Level 3.8 Spellcasting
 + Level 2.0 Conjurations
 + Level 3.8 Fire Magic


You had 5 spell levels left.
You knew the following spells:

 Your Spells              Type           Power        Failure   Level  Hunger
a - Flame Tongue          Conj/Fire      ###..        3%          1    None
b - Conjure Flame         Conj/Fire      ###.....     12%         3    ###....

Your spell library contained the following spells:

 Spells                   Type           Power        Failure   Level  Hunger
 Throw Flame              Conj/Fire      ###...       6%          2    ##.....
 Inner Flame              Hex/Fire       ##......     19%         3    ###....
 Sticky Flame             Conj/Fire      ###.....     36%         4    ####...
 Fireball                 Conj/Fire      ###.......   71%         5    ######.


Dungeon Overview and Level Annotations

Branches:
Dungeon (2/15)

Altars:


Message History

Aim: a jelly (moderately wounded)
The flame tongue hits the jelly.
The jelly is heavily wounded.
Something hits the fungus.
The fungus is splashed with acid.
The acid corrodes the fungus!
The jelly hits you. The acid corrodes you!
You are splashed with acid!
Casting: Flame Tongue (safe; 3% risk of failure)
Confirm with . or Enter, or press ? or * to list all spells.
Aiming: Flame Tongue (safe; 3% risk of failure)
Press: ? - help, Shift-Dir - straight line, f/p - jelly
Aim: a jelly (heavily wounded)
The flame tongue hits the jelly.
The jelly is heavily wounded.
An ooze comes into view.
Something hits the fungus.
The fungus is splashed with acid.
The fungus seems to be corroded for longer.
The jelly hits you.
* * * LOW HITPOINT WARNING * * *
You are splashed with acid.
You die... ..#.# #.#...#.... ###.# P÷# #.#....#..# #.# .J# #.#..÷.###. #.# PJ#

#.#.)÷###..
#.# .÷#
#.#..#..#..
#.# J.#
#...#....#.
#.# P.#
#...#.....#
#.# #######J#
###.#....(...
#.# ##.....@#
#.........###
#.#
#.########
##.########
#.#
##..'....#
#.# ###.#
####....# #.#
....#
#.......# #.#
#####
#.......# #.#
#.......# #.#
#.).....# #.#
##.†...## #.#


You could see a jelly and 3 oozes.

Vanquished Creatures
  A gnoll (D:1)
  An adder (D:2)
  A dart slug (D:1)
  5 bats
  A giant cockroach (D:1)
  4 goblins
  A hobgoblin (D:2)
  10 kobolds
  6 frilled lizards
  5 rats
35 creatures vanquished.

Vanquished Creatures (others)
  5 toadstools (D:2)
5 creatures vanquished.

Grand Total: 40 creatures vanquished

Notes
Turn   | Place    | Note
-------+----------+-------------------------------------------
     0 | D:1      | Gynju the Deep Elf Fire Elementalist began the quest for
                  | the Orb.
     0 | D:1      | Reached XP level 1. HP: 10/10 MP: 6/6
   284 | D:1      | Reached XP level 2. HP: 9/15 MP: 2/8
   740 | D:2      | Reached XP level 3. HP: 19/19 MP: 8/10
   745 | D:2      | Learned a level 3 spell: Conjure Flame
  1204 | D:2      | Splashed by a jelly's acid

Levels and vault maps discovered:
D:1:      lemuel_arrival_muddy, layout_rooms
D:2:      cheibrodos_fertilizer, layout_loops_ring, lemuel_crystal_altar,
          minmay_misc_feat_chi, bloody_makhleb
